 Dungeon Crawl Stone Soup version 0.27.1-4-g1640c2035a (webtiles) character file.

Game seed: 15169976918957252663

16881 Crownlay the Thaumaturge (level 12, -2/59 HPs)
             Began as a Gargoyle Earth Elementalist on Nov 7, 2021.
             Was a Priest of Vehumet.
             Slain by a five-headed hydra (10 damage)
             ... on level 11 of the Dungeon.
             The game lasted 00:36:21 (15336 turns).

Crownlay the Thaumaturge (GrEE)                    Turns: 15336, Time: 00:36:21

Health: -2/59      AC: 17    Str: 19    XL:     12   Next: 42%
Magic:  32/37      EV: 11    Int: 20    God:    Vehumet [***...]
Gold:   620        SH:  5    Dex: 10    Spells: 31/35 levels left

rFire    + . .     SeeInvis .   E - staff of conjuration
rCold    + . .     Faith    .   (no shield)
rNeg     + . .     Spirit   .   d - +3 leather armour {Will+}
rPois    ∞         Reflect  +   t - +0 helmet
rElec    +         Harm     .   (no cloak)
rCorr    .         Rampage  .   a - +0 pair of gloves
Will     +....                  o - +0 pair of boots
Stlth    ++........             D - amulet of reflection
HPRegen  0.19/turn              u - ring of wizardry
MPRegen  0.25/turn              C - ring of Lerghatt {rF+ rC+ MP+9 Str+6}

@: no status effects
A: sickness immunity, AC +8, negative energy resistance 1, electricity
resistance, torment resistance 1, petrification resistance
a: Renounce Religion


You were on level 11 of the Dungeon.
You worshipped Vehumet.
Vehumet was most pleased with you.
You visited 2 branches of the dungeon, and saw 12 of its levels.
You also visited: Bailey.

You collected 620 gold pieces.

Inventory:

Hand Weapons
 p - a +2 flail of protection
Missiles
 c - 33 stones
 A - 5 throwing nets
 I - 11 curare-tipped darts
Armour
 a - a +0 pair of gloves (worn)
 d - a +3 leather armour of willpower (worn)
 o - a +0 pair of boots (worn)
 s - a +2 robe of fire resistance
 t - a +0 helmet (worn)
 y - a +2 robe of willpower
Magical Staves
 E - a staff of conjuration (weapon)
Jewellery
 g - the ring of Acvecs {rElec rF+ Dex+2}
   (You found it on level 10 of the Dungeon)

   [ring of protection from fire]

   Dex:       It affects your dexterity (+2).
   rF:        It protects you from fire.
   rElec:     It insulates you from electricity.
 u - a ring of wizardry (left hand)
 C - the ring of Lerghatt (right hand) {rF+ rC+ MP+9 Str+6}
   (You found it on level 7 of the Dungeon)

   [ring of strength]

   Str:       It affects your strength (+6).
   rF:        It protects you from fire.
   rC:        It protects you from cold.
   MP:        It affects your magic capacity (+9).
 D - an amulet of reflection (around neck)
 O - a ring of positive energy
 P - a ring of willpower
 Q - the ring "Jiuxidgh" {rElec rC+ Will+ Int-5}
   (You took it off a centaur warrior on level 11 of the Dungeon)

   [ring of willpower]

   Int:       It affects your intelligence (-5).
   rC:        It protects you from cold.
   rElec:     It insulates you from electricity.
   Will:      It increases your willpower.
 S - the ring of Oterr {rF+ rN+ AC+4 Dex-5}
   (You took it off a boggart on level 11 of the Dungeon)

   [ring of protection]

   AC:        It affects your AC (+4).
   Dex:       It affects your dexterity (-5).
   rF:        It protects you from fire.
   rN:        It protects you from negative energy.
Wands
 f - a wand of mindburst (39)
 B - a wand of flame (13)
 F - a wand of iceblast (9)
 K - a wand of digging (4)
 R - a wand of paralysis (9)
Scrolls
 b - 2 scrolls of vulnerability
 i - 2 scrolls of teleportation
 n - a scroll of enchant armour
 G - 2 scrolls of noise
 J - 5 scrolls of fog
 L - a scroll of amnesia {unknown}
 M - 2 scrolls of blinking
Potions
 e - 7 potions of curing
 h - a potion of invisibility {unknown}
 j - a potion of mutation {unknown}
 k - 3 potions of lignification
 l - 3 potions of degeneration
 m - 3 potions of heal wounds
 q - a potion of magic {unknown}
 r - 5 potions of attraction
 v - 3 potions of resistance
 w - a potion of ambrosia {unknown}
 x - 3 potions of brilliance
 z - a potion of flight {unknown}
 N - 2 potions of might {unknown}
Miscellaneous
 H - a box of beasts


   Skills:
 - Level 6.6 Throwing
 - Level 1.5 Dodging
 - Level 2.1 Stealth
 - Level 12.0 Spellcasting
 - Level 8.0 Conjurations
 + Level 3.2 Necromancy
 - Level 0.7 Transmutations
 + Level 11.0 Earth Magic
 - Level 5.0 Evocations


You had 31 spell levels left.
You knew the following spells:

 Your Spells              Type           Power      Damage    Failure   Level
a - Sandblast             Erth           100%       2d20      1%          1
b - Stone Arrow           Conj/Erth      100%       3d13      1%          3

Your spell library contained the following spells:

 Spells                   Type           Power      Damage    Failure   Level
 Hailstorm                Conj/Ice       42%        3d10      1%          4
 Shock                    Conj/Air       100%       1d9       1%          1
 Passwall                 Tmut/Erth      29%        N/A       1%          2
 Poisonous Vapours        Pois/Air       24%        N/A       1%          2
 Dazzling Flash           Conj/Hex       84%        N/A       1%          3
 Corpse Rot               Necr/Air       N/A        N/A       2%          2
 Petrify                  Tmut/Erth      35%        N/A       2%          4
 Wereblood                Tmut           14%        N/A       3%          2
 Borgnjor's Vile Clutch   Necr/Erth      20%        N/A       4%          5
 Animate Dead             Necr           12%        N/A       7%          4
 Airstrike                Air            6%         N/A       8%          4
 Freezing Cloud           Conj/Ice/Air   16%        6-21      8%          5
 Swiftness                Air            12%        N/A       9%          3
 Agony                    Necr           25%        N/A       19%         5
 Alistair's Intoxication  Tmut/Pois      8%         N/A       52%         5
 Silence                  Hex/Air        6%         N/A       56%         5
 Summon Forest            Summ/Tloc      6%         N/A       56%         5
 Summon Mana Viper        Hex/Summ       12%        N/A       56%         5
 Eringya's Noxious Bog    Tmut/Pois      6%         N/A       58%         6
 Death Channel            Necr           12%        N/A       69%         6
 Shadow Creatures         Summ           N/A        N/A       98%         6
 Summon Hydra             Summ           6%         N/A       100%        7
 Sublimation of Blood     Necr           Unusable   N/A       N/A         2

Dungeon Overview and Level Annotations

Branches:
Dungeon (11/15)            Temple (1/1) D:5            Lair (0/6) D:8
 Bailey (visited)
    Orc: D:9-12

Altars:
Elyvilon
Gozag
Hepliaklqana
Kikubaaqudgha
Makhleb
Nemelex Xobeh
Okawaru
Qazlal
Sif Muna
Trog
Uskayaw
Vehumet
The Shining One

Annotations:
D:10 exclusion: 2 oklob saplings


Innate Abilities, Weirdness & Mutations

You are immune to sickness and miasma.
Your stone body is resilient. (AC +8)
You are immune to poison.
You resist negative energy. (rN+)
You are resistant to electric shocks. (rElec)
You are resistant to unholy torment.
You are immune to petrification.


Message History

The eight-headed hydra is severely wounded.
The blast of sand hits the eight-headed hydra!!
You kill the eight-headed hydra!
Vehumet accepts your kill.
You feel your power returning.
Your Necromancy skill increases to level 3!
Your Earth Magic skill increases to level 11!
You start resting.
Magic restored.
A five-headed hydra comes into view.
A centaur warrior simulacrum comes into view.
You see here the ring of Oterr {rF+ rN+ AC+4 Dex-5}.
S - the ring of Oterr {rF+ rN+ AC+4 Dex-5} The blast of sand hits the five-headed hydra!
The five-headed hydra is lightly wounded.
The blast of sand hits the five-headed hydra!
The five-headed hydra is moderately wounded.
The blast of sand hits the five-headed hydra!!
The five-headed hydra is heavily wounded.
The five-headed hydra bites you but does no damage. x2
The five-headed hydra barely misses you. x2
The five-headed hydra closely misses you.
The blast of sand hits the five-headed hydra.
The five-headed hydra is heavily wounded.
The five-headed hydra bites you but does no damage. x2
The five-headed hydra bites you. x2; The five-headed hydra bites you!
The blast of sand hits the five-headed hydra!!
The five-headed hydra is severely wounded.
The five-headed hydra bites you!
You block the five-headed hydra's attack.
The five-headed hydra barely misses you. x2
The five-headed hydra bites you.
The blast of sand misses the five-headed hydra.
The blast of sand hits the centaur warrior simulacrum!
The centaur warrior simulacrum is heavily damaged.
The five-headed hydra bites you! x3
* * * LOW HITPOINT WARNING * * *
The five-headed hydra bites you but does no damage.
The five-headed hydra bites you!
You die...

##...##.#
.##..###.##.#.
##...#.##
#.#.......##.#.
#...##(#
.##.#.######.#.
##...#.###.#..#.#
#.
#...##.#.##.##.#
##...#.#.#..##.#
#...##Z##.###<#
##...#D#..# ###
###.#@#.##
#.....# #######


You could see a five-headed hydra and a centaur warrior simulacrum.

Vanquished Creatures
  Snorg (D:10)
  Harold (D:7)
  3 hydras
  An ogre mage (D:10)
  A centaur warrior (D:11)
  2 two-headed ogres
  A deep troll earth mage (D:10)
  Nergalle (D:10)
  Pikel (D:6)
  A cyclops (D:11)
  2 manticores
  Joseph (D:8)
  An unseen horror (D:10)
  Psyche (D:10)
  A hornet (D:10)
  2 trolls
  Grinder (D:5)
  Prince Ribbit (D:7)
  A shadow (D:9)
  A vampire (D:11)
  2 yaks
  A wyvern (D:8)
  2 wraiths (D:11)
  2 basilisks (D:8)
  A steam dragon (D:10)
  A water moccasin (D:10)
  2 acid dragons
  An ice beast (D:6)
  5 orc warriors
  A boggart (D:11)
  2 necrophages
  An ogre (D:5)
  5 centaurs
  A phantom (D:6)
  3 lemures (D:6)
  2 bullfrogs
  A water moccasin zombie (D:6)
  3 scorpions
  23 killer bees
  3 wights (D:8)
  An electric eel (D:11)
  4 hounds
  2 centaur zombies
  A bullfrog skeleton (D:5)
  6 orc priests
  2 gnoll shamans
  3 iguanas
  13 orc wizards
  A hound skeleton (D:4)
  8 gnolls
  10 adders
  A shadow imp (D:7)
  2 white imps
  2 worms
  3 dart slugs
  31 orcs
  6 bats
  7 endoplasms
  5 giant cockroaches
  6 hobgoblins
  5 quokkas
  15 ball pythons
  3 frilled lizards (D:1)
  11 goblins
  25 kobolds
  9 rats
269 creatures vanquished.

Vanquished Creatures (others)
  An adder (D:10)
  A bush (D:10)
  18 plants
20 creatures vanquished.

Grand Total: 289 creatures vanquished

Notes
Turn   | Place    | Note
-------+----------+-------------------------------------------
     0 | D:1      | Crownlay the Gargoyle Earth Elementalist began the quest
                  | for the Orb.
     0 | D:1      | Reached XP level 1. HP: 10/10 MP: 3/3
   183 | D:1      | Reached XP level 2. HP: 2/15 MP: 1/5
   500 | D:1      | Found a faded altar of an unknown god.
   611 | D:1      | Reached XP level 3. HP: 18/19 MP: 3/6
  1384 | D:1      | Reached skill level 3 in Spellcasting
  1494 | D:2      | Learned a level 3 spell: Stone Arrow
  1979 | D:2      | Reached XP level 4. HP: 24/24 MP: 8/8
  3065 | D:3      | Reached skill level 5 in Earth Magic
  3211 | D:3      | Reached XP level 5. HP: 23/28 MP: 8/10
  3283 | D:3      | Reached skill level 4 in Spellcasting
  4614 | D:4      | Reached XP level 6. HP: 32/32 MP: 8/13
  4670 | D:4      | Reached skill level 5 in Spellcasting
  6090 | D:5      | Entered Level 5 of the Dungeon
  6100 | D:5      | Found a staircase to the Ecumenical Temple.
  6116 | D:5      | Reached skill level 1 in Conjurations
  6196 | D:5      | Reached skill level 6 in Spellcasting
  6196 | D:5      | Reached XP level 7. HP: 36/36 MP: 9/16
  6287 | Temple   | Entered the Ecumenical Temple
  6404 | Temple   | Became a worshipper of Vehumet
  6636 | D:5      | Noticed Grinder
  6646 | D:5      | Killed Grinder
  6647 | D:5      | Reached skill level 7 in Spellcasting
  6927 | D:5      | Reached XP level 8. HP: 41/41 MP: 14/18
  7616 | D:6      | Reached skill level 8 in Spellcasting
  7995 | D:6      | Noticed Pikel
  8038 | D:6      | Killed Pikel
  8039 | D:6      | Reached skill level 9 in Spellcasting
  8039 | D:6      | Reached skill level 5 in Conjurations
  8039 | D:6      | Reached XP level 9. HP: 18/45 MP: 0/22
  8672 | D:7      | Noticed Harold
  8678 | D:7      | Killed Harold
  8679 | D:7      | Reached skill level 10 in Spellcasting
  8983 | D:7      | Identified the ring of Lerghatt {rF+ rC+ MP+9 Str+6}
  9315 | D:7      | Noticed Prince Ribbit
  9324 | D:7      | Killed Prince Ribbit
  9740 | D:8      | Found an iron altar of Okawaru.
  9744 | D:8      | Reached XP level 10. HP: 50/50 MP: 24/24
  9752 | D:8      | Reached * piety under Vehumet
  9752 | D:8      | Offered knowledge of Magic Dart by Vehumet.
  9775 | D:8      | Reached skill level 11 in Spellcasting
  9775 | D:8      | Found a shimmering blue altar of Sif Muna.
  9778 | D:8      | Found a flagged portal.
  9815 | Bailey   | Entered a bailey
 10260 | Bailey   | Found a bloodstained altar of Trog.
 11037 | D:8      | Found a staircase to the Lair.
 11150 | D:8      | Noticed Joseph
 11153 | D:8      | Killed Joseph
 11600 | D:9      | Reached ** piety under Vehumet
 11600 | D:9      | Offered knowledge of Static Discharge by Vehumet.
 11991 | D:9      | Reached skill level 12 in Spellcasting
 12309 | D:9      | Reached skill level 1 in Throwing
 12373 | D:10     | Entered Level 10 of the Dungeon
 12422 | D:10     | Noticed a +0 short sword
 12422 | D:10     | Noticed a +0 dagger
 12422 | D:10     | Noticed a +0 spear
 12423 | D:10     | Noticed a +0 short sword
 12423 | D:10     | Noticed a +0 falchion
 12423 | D:10     | Noticed a +0 spear
 12424 | D:10     | Noticed a +0 falchion
 12425 | D:10     | Noticed a +0 dagger
 12426 | D:10     | Found a hide-covered altar of Uskayaw.
 12542 | D:10     | Noticed a two-headed ogre
 12545 | D:10     | Reached XP level 11. HP: 46/54 MP: 26/27
 12545 | D:10     | Noticed Nergalle
 12569 | D:10     | Killed Nergalle
 12875 | D:10     | Killed a two-headed ogre
 12876 | D:10     | Reached skill level 5 in Throwing
 12926 | D:10     | Noticed a five-headed hydra
 12926 | D:10     | Noticed a manticore
 12926 | D:10     | Noticed a six-headed hydra
 12926 | D:10     | Noticed an ogre mage
 12988 | D:10     | Found a glowing golden altar of the Shining One.
 12997 | D:10     | Offered knowledge of Inner Flame by Vehumet.
 13154 | D:10     | Killed a five-headed hydra
 13155 | D:10     | Reached skill level 1 in Evocations
 13260 | D:10     | Killed a six-headed hydra
 13275 | D:10     | Noticed Psyche
 13277 | D:10     | Noticed Snorg
 13297 | D:10     | Killed Snorg
 13298 | D:10     | Killed Psyche
 13308 | D:10     | Killed an ogre mage
 13545 | D:10     | Reached *** piety under Vehumet
 13728 | D:10     | Killed a manticore
 13729 | D:10     | Reached skill level 10 in Earth Magic
 13775 | D:10     | Noticed a deep troll earth mage
 13780 | D:10     | HP: 2/54 [deep troll earth mage (17)]
 13782 | D:10     | Killed a deep troll earth mage
 13784 | D:10     | Identified the ring of Acvecs {rElec rF+ Dex+2}
 14209 | D:11     | Noticed a two-headed ogre
 14216 | D:11     | Killed a two-headed ogre
 14217 | D:11     | Reached XP level 12. HP: 39/59 MP: 28/28
 14406 | D:11     | Reached skill level 1 in Necromancy
 14470 | D:11     | Identified the ring of Asceticism {Fly rElec rC+}
 14470 | D:11     | Noticed a death knight
 14472 | D:11     | Noticed a centaur warrior
 14664 | D:11     | Found a white marble altar of Elyvilon.
 14876 | D:11     | Reached skill level 5 in Evocations
 14925 | D:11     | Identified the ring "Jiuxidgh" {rElec rC+ Will+ Int-5}
 14925 | D:11     | Noticed a centaur warrior
 14935 | D:11     | Killed a centaur warrior
 14935 | D:11     | Offered knowledge of Hailstorm by Vehumet.
 15227 | D:11     | Identified the ring of Oterr {rF+ rN+ AC+4 Dex-5}
 15266 | D:11     | Noticed an eight-headed hydra
 15273 | D:11     | Killed an eight-headed hydra
 15325 | D:11     | Noticed a five-headed hydra
 15336 | D:11     | Slain by a five-headed hydra

Illustrated notes

Levels and vault maps discovered:
D:1:      dpeg_arrival_shelter, layout_basic,
          shapermc_ecumenical_altar_mp_highgroup, minmay_small_reverse_x
D:2:      layout_loops_corners, lexackson_kobold_supper
D:3:      layout_basic
D:4:      layout_layer_cave
D:5:      layout_loops_ring, minmay_temple_entry_slanted, minmay_misc_feat_x,
          minmay_stone_trees_small, uniq_grinder
D:6:      layout_loops_cross, uniq_pikel
D:7:      layout_loops_ring, kennysheep_generic_room_11, uniq_prince_ribbit1,
          uniq_harold
D:8:      layout_loops_cross, nicolae_sif_muna_little_library,
          okawaru_metal_pillars_1_2, david_lair_generic, enter_bailey_5,
          uniq_joseph
D:9:      layout_long_grid
D:10:     minmay_shrinking_squares, layout_rooms, nicolae_tso_carved_into_rock,
          nicolae_uskayaw_en_pointe, introduction_to_nature_2, uniq_nergalle,
          uniq_psyche, uniq_snorg
D:11:     minmay_the_grid_triangle_9x9_recursive_2
          [minmay_the_grid_triangle_9x9_prize_special,
          minmay_the_grid_triangle_9x9_odd_lines,
          minmay_the_grid_triangle_9x9_wacky_v,
          minmay_the_grid_triangle_9x9_thin_v], layout_basic, erik_orc_1,
          nicolae_elyvilon_temple_path
Temple:   dpeg_five_rooms_temple

Skill      XL: |  1  2  3  4  5  6  7  8  9 10 11 12 |
---------------+-------------------------------------+-----
Earth Magic    | 4 5 6 8 10 11 | 11.0
Spellcasting   | 3 4 6 7 9 10 12 | 12.0
Conjurations   | 1 3 5 6 8 |  8.0
Throwing       | 2 6 |  6.6
Evocations     | 4 5 |  5.0
Necromancy     | 3 |  3.2
Dodging        | |  1.5
Stealth        | |  2.1
Transmutations | |  0.7

Action                   |  1- 3 |  4- 6 |  7- 9 | 10-12 || total
-------------------------+-------+-------+-------+-------++-------
Melee: Short sword       |   116 |    37 |       |       ||   153
       Unarmed           |     4 |       |       |       ||     4
       Flail             |       |     7 |     7 |       ||    14
       Staff             |       |       |       |     4 ||     4
Throw: Dart              |       |     6 |       |       ||     6
       Boomerang         |       |       |       |    12 ||    12
 Cast: Sandblast         |    29 |    95 |    58 |   140 ||   322
       Stone Arrow       |       |     1 |    47 |   134 ||   182
Evoke: Wand              |       |       |       |     2 ||     2
  Use: Scroll            |       |     2 |     6 |    11 ||    19
 Stab: Sleeping          |     2 |     3 |       |       ||     5
Armor: Robe              |    36 |    17 |    22 |     2 ||    77
       Leather armour    |       |       |       |   135 ||   135
Dodge: Dodged            |    52 |    30 |    27 |   131 ||   240
Block: Other             |       |       |     3 |    64 ||    67
       Reflection        |       |       |       |    25 ||    25
